 Dungeon Crawl Stone Soup version 0.30-a0-737-gf23d94013f (webtiles) character file.

Game seed: 16326008396296535488

14 jimonade the Nimble (level 2, -5/20 HPs)
             Began as a Gnoll Wanderer on Feb 2, 2023.
             Slain by a worm (8 damage)
             ... on level 2 of the Dungeon.
             The game lasted 00:01:08 (742 turns).

jimonade the Nimble (Gnoll Wanderer)                 Turns: 742, Time: 00:01:09

Health: -5/20      AC:  3    Str:  8    XL:     2   Next: 45%
Magic:  5/5        EV: 16    Int: 10    God:
Gold:   19         SH:  0    Dex: 15    Spells: 5/6 levels left

rFire   . . .      SeeInvis .    a - +0 short sword (venom)
rCold   . . .      Faith    .    (no shield)
rNeg    . . .      Spirit   .    d - +0 robe
rPois   .          Reflect  .    (no helmet)
rElec   .          Harm     .    (no cloak)
rCorr   .          Rampage  .    b - +0 pair of gloves
Will    .....                    (no boots)
Stlth   ++                       (no amulet)
HPRegen 0.23/turn                (no ring)
MPRegen 0.09/turn                (no ring)

@: no status effects
A: fangs 1, strong nose, distributed training
a: no special abilities


You were on level 2 of the Dungeon.
You visited 1 branch of the dungeon, and saw 2 of its levels.

You collected 19 gold pieces.

Inventory:

Hand Weapons
 a - a +0 short sword of venom (weapon)
 g - a +0 rapier
Missiles
 e - 4 atropa-tipped darts
Armour
 b - a +0 pair of gloves (worn)
 d - a +0 robe (worn)
Potions
 c - 2 potions of heal wounds
 f - a potion of haste {unknown}


   Skills:
 + Level 0.4 Fighting
 + Level 6.5 Short Blades
 + Level 0.4 Long Blades
 + Level 0.4 Axes
 + Level 0.4 Maces & Flails
 + Level 0.4 Polearms
 + Level 0.4 Staves
 + Level 0.4 Ranged Weapons
 + Level 0.4 Throwing
 + Level 2.5 Armour
 + Level 8.5 Dodging
 + Level 0.4 Stealth
 + Level 0.4 Shields
 + Level 0.4 Unarmed Combat
 + Level 2.7 Spellcasting
 + Level 0.2 Conjurations
 + Level 2.0 Hexes
 + Level 0.2 Summonings
 + Level 0.2 Necromancy
 + Level 0.2 Translocations
 + Level 0.2 Transmutations
 + Level 0.2 Fire Magic
 + Level 0.2 Ice Magic
 + Level 0.2 Air Magic
 + Level 0.2 Earth Magic
 + Level 0.2 Poison Magic
 + Level 0.5 Invocations
 + Level 0.4 Evocations


You had 5 spell levels left.
You knew the following spells:

 Your Spells              Type           Power      Damage    Failure   Level
a - Slow                  Hex            20%        N/A       13%         1

Your spell library contained the following spells:

 Spells                   Type           Power      Damage    Failure   Level
 Freeze                   Ice            4%         1d3       26%         1
 Inner Flame              Hex/Fire       3%         N/A       47%         3
 Frozen Ramparts          Ice            2%         1d1       61%         3
 Hailstorm                Conj/Ice       1%         3d3       61%         3


Dungeon Overview and Level Annotations

Branches:
Dungeon (2/15)

Altars:


Innate Abilities, Weirdness & Mutations

You have very sharp teeth.
Your uncanny sense of smell can sniff out nearby items.
Your experience applies equally to all skills.


Message History

The bat is moderately wounded.
The bat barely misses you. The hobgoblin misses you.
You closely miss the hobgoblin.
You kill the bat!
The hobgoblin barely misses you. The hobgoblin closely misses you.
You hit the hobgoblin.
The hobgoblin is poisoned.
You bite the hobgoblin, but do no damage.
The hobgoblin is moderately wounded.
You completely miss the hobgoblin.
The hobgoblin is moderately wounded.
The hobgoblin closely misses you. The hobgoblin hits you.
You closely miss the hobgoblin.
The hobgoblin is severely wounded.
The hobgoblin misses you.
The hobgoblin hits you but does no damage.
The worm completely misses you.
You closely miss the hobgoblin.
You bite the hobgoblin, but do no damage.
The hobgoblin is almost dead.
You hit the hobgoblin.
You kill the hobgoblin!
The hobgoblin completely misses you.
The frilled lizard completely misses you.
You closely miss the hobgoblin. The hobgoblin hits you.
The frilled lizard barely misses you. The worm bites you!
* * * LOW HITPOINT WARNING * * *
You are too injured to fight recklessly!
You are too injured to fight recklessly!
You are too injured to fight recklessly!
You are too injured to fight recklessly!
You are too injured to fight recklessly!
You are too injured to fight recklessly!
You are too injured to fight recklessly!
You closely miss the hobgoblin. The frilled lizard barely misses you.
The hobgoblin misses you. The quokka bites you.
* * * LOW HITPOINT WARNING * * *
You are too injured to fight recklessly!
You are too injured to fight recklessly!
You hit the quokka but do no damage. The worm bites you!
You die...

### #... #...
#∆ ###... ####.
......##....
#........#
.#........##.#
.......l[....#
.......@...##..
.##...rgw..#
#.....<......
#.#.........#
#..##).......#
#. ......#... #
.....###..
......# ..


You could see a worm, a quokka, a hobgoblin and a frilled lizard.

Vanquished Creatures
  A dart slug (D:1)
  5 endoplasms (D:1)
  A hobgoblin (D:2)
  A kobold (D:1)
  A bat (D:2)
  2 rats (D:1)
11 creatures vanquished.

Notes
Turn   | Place    | Note
-------+----------+-------------------------------------------
     0 | D:1      | jimonade the Gnoll Wanderer began the quest for the Orb.
     0 | D:1      | jimonade set off with the following items: a +0 rapier, a
                  | +0 pair of gloves, a potion of heal wounds, a +0 robe; and
                  | the following spell memorised: Slow; and the following
                  | spells available to memorise: Inner Flame.
     0 | D:1      | Reached XP level 1. HP: 13/13 MP: 4/4
   319 | D:1      | Reached XP level 2. HP: 17/20 MP: 5/5
   742 | D:2      | Slain by a worm

Illustrated notes

Levels and vault maps discovered:
D:1:      scummos_arrival_hexagon, layout_loops_cross
D:2:      layout_rooms, basic_altar, chequers_ecumenical_altar_simple

Skill      XL: |  1 |
---------------+----+-----
Hexes          | 2 |  2.0
Fighting       | |  0.4
Short Blades   | |  6.5
Long Blades    | |  0.4
Axes           | |  0.4
Maces & Flails | |  0.4
Polearms       | |  0.4
Staves         | |  0.4
Ranged Weapons | |  0.4
Throwing       | |  0.4
Armour         | |  2.5
Dodging        | |  8.5
Stealth        | |  0.4
Shields        | |  0.4
Unarmed Combat | |  0.4
Spellcasting   | |  2.7
Conjurations   | |  0.2
Summonings     | |  0.2
Necromancy     | |  0.2
Translocations | |  0.2
Transmutations | |  0.2
Fire Magic     | |  0.2
Ice Magic      | |  0.2
Air Magic      | |  0.2
Earth Magic    | |  0.2
Poison Magic   | |  0.2
Invocations    | |  0.5
Evocations     | |  0.4

Action                     || total
---------------------------++-------
  Melee: Rapier            ||    30
         Bite              ||     5
         Punch             ||     1
         Short sword       ||    12
   Stab: Sleeping          ||     1
 Armour: Robe              ||     4
  Dodge: Dodged            ||    28

Table legend: (Time is in decaauts)
 A = Elapsed time spent in this place.
 B = Non-inter-level travel time spent in this place.
 C = Inter-level travel time spent in this place.
 D = Time resting spent in this place.
 E = Time spent auto-exploring this place.
 F = Levels seen in this place.
 G = Mean time per level.
                   A        B        C        D        E       F      G
               +--------+--------+--------+--------+--------+-----+--------+
         Total |    734 |    692 |     42 |      0 |    599 |   2 |  367.0 |
       Dungeon |    734 |    692 |     42 |      0 |    599 |   2 |  367.0 |
               +--------+--------+--------+--------+--------+-----+--------+

Top non-repeatable levels by time:
     D:1: 722 daAuts
     D:2: 11 daAuts
